 Dungeon Crawl Stone Soup version 0.29-a0-542-g075992c915 (webtiles) character file.

Game seed: 17241379781696671873

844 Morbidden the Ruffian (level 7, -12/65 (67) HPs)
             Began as a Troll Monk on June 4, 2022.
             Was a Believer of Cheibriados.
             Mangled by a wight
             ... wielding a +2 morningstar of freezing
              (16 damage)
             ... on level 6 of the Dungeon.
             The game lasted 00:03:46 (3002 turns).

Morbidden the Ruffian (Troll Monk)                  Turns: 3002, Time: 00:03:46

HP:   -12/65 (67)   AC:  6    Str: 25    XL:     7   Next: 68%
MP:   17/17         EV: 11    Int: 13    God:    Cheibriados [**....]
Gold: 199           SH:  0    Dex: 17    Spells: 8/8 levels left

rFire   . . .      SeeInvis .     - Unarmed
rCold   . . .      Faith    .   (no shield)
rNeg    + . .      Spirit   .   a - +0 robe
rPois   .          Reflect  .   (helmet restricted)
rElec   .          Harm     .   n - +2 cloak
rCorr   .          Rampage  .   (gloves unavailable)
Will    +....                   (boots unavailable)
Stlth   ++........              x - amulet of regeneration
HPRegen 1.80/turn               l - ring of positive energy
MPRegen 0.15/turn               y - ring of magical power

@: lightly drained, very slow
A: large, unfitting armour, claws 3, regeneration 1, shaggy fur 1, tough skin 1,
horns 1, deformed body, strong-willed 1, wild magic 1
a: Renounce Religion, Bend Time


You were on level 6 of the Dungeon.
You worshipped Cheibriados.
Cheibriados was pleased with you.
You visited 2 branches of the dungeon, and saw 6 of its levels.

You collected 199 gold pieces.

Inventory:

Missiles
 p - 88 stones (quivered)
Armour
 a - a +0 robe (worn)
 n - a +2 cloak (worn)
Jewellery
 l - a ring of positive energy (left claw)
 x - an amulet of regeneration (around neck)
 y - a ring of magical power (right claw)
Scrolls
 c - 6 scrolls of identify {unknown}
 e - a scroll of noise {unknown}
 g - 4 scrolls of poison {unknown}
 h - a scroll of teleportation {unknown}
 i - 3 scrolls of fear {unknown}
 j - a scroll of enchant armour {unknown}
 m - a scroll of enchant weapon {unknown}
 r - 2 scrolls of amnesia {unknown}
 t - a scroll of blinking {unknown}
 u - 2 scrolls of silence {unknown}
 A - a scroll of summoning {unknown}
Potions
 b - a potion of ambrosia
 d - a potion of degeneration {unknown}
 f - a potion of resistance {unknown}
 k - a potion of might {unknown}
 o - a potion of curing {unknown}
 q - a potion of heal wounds {unknown}
 s - a potion of lignification {unknown}
 v - a potion of brilliance {unknown}
 w - a potion of cancellation {unknown}
 z - a potion of attraction {unknown}


   Skills:
 * Level 3.4 Fighting
 * Level 4.0 Dodging
 + Level 1.5 Stealth
 * Level 6.6 Unarmed Combat
 * Level 1.4 Spellcasting
 * Level 1.3 Invocations


You had 8 spell levels left.
You didn't know any spells.
Your spell library was empty.

Dungeon Overview and Level Annotations

Branches:
Dungeon (4/15)             Temple (1/1) D:4

Altars:
Ashenzari
Cheibriados
Elyvilon
Fedhas
Gozag
Kikubaaqudgha
Makhleb
Nemelex Xobeh
Okawaru
Ru
Sif Muna
Trog
Uskayaw
Wu Jian


Innate Abilities, Weirdness & Mutations

You are too large for most types of armour.
You have claws for hands.
Your natural rate of healing is unusually fast.
You are covered in fur. (AC +1)
You have tough skin. (AC +1)
You have a pair of small horns on your head.
Armour fits poorly on your strangely shaped body.
You are strong-willed. (Will+)
Your spells are a little harder to cast, but a little more powerful.


Message History

A wight comes into view. It is wielding a +0 battleaxe.
The wight hits you with a +0 flail. You partially resist.
You feel drained. The wight barely misses you.
Your life force feels restored.
Your Dodging skill increases to level 4!
You barely miss the wight. The wight closely misses you.
You claw the wight!
The wight is almost destroyed.
The wight misses you. The wight hits you with a +0 flail!
You claw the wight!
You destroy the wight!
Cheibriados appreciates the change of pace.
The wight hits you with a +0 scimitar! You partially resist.
You feel drained.
The wight hits you with a +2 morningstar of freezing.
You partially resist.
You feel drained. The wight freezes you.
Your life force feels restored.
The wight attacks as you move away!
The wight hits you with a +2 morningstar of freezing.
You partially resist.
You feel drained. The wight freezes you. The wight hits you with a +0 scimitar.
Unknown command.
You claw the wight! You headbutt the wight.
You destroy the wight!
Cheibriados appreciates the change of pace.
Your life force feels restored.
The wight hits you with a +2 morningstar of freezing.
You partially resist.
You feel drained. The wight freezes you. The orc hits you but does no damage.
The wight hits you with a +2 morningstar of freezing!
* * * LOW HITPOINT WARNING * * *
You partially resist.
You feel drained.
* * * LOW HITPOINT WARNING * * *
The wight freezes you.
* * * LOW HITPOINT WARNING * * *
The orc hits you but does no damage.
Things that are here:
a +0 scimitar; a +0 robe The wight attacks as you move away!
The wight hits you with a +2 morningstar of freezing!
You die...

........##....#
####....).....#
####.##....# #)###.#.#
..........#.#.######.#
###..................#
#..............#####
#.#####.#.#.##.# #.
#.#.#.##@# # .#.#..oz#
.# #.#.z# #.#..#
#.#..# ...# ....#
..... .....#


You could see 2 wights and an orc.

Vanquished Creatures
  A water moccasin (D:6)
  An orc warrior (D:6)
  A scorpion (D:6)
  3 wights (D:6)
  A hound (D:4)
  2 orc priests
  Jessica (D:2)
  An iguana (D:6)
  3 orc wizards
  6 gnolls
  5 adders
  An ufetubus (D:4)
  2 worms (D:2)
  4 dart slugs
  11 orcs
  5 ball pythons
  5 bats
  9 endoplasms
  3 giant cockroaches
  3 goblins
  5 hobgoblins
  7 jackals
  2 quokkas (D:3)
  2 frilled lizards (D:3)
  8 kobolds
  7 rats
99 creatures vanquished.

Vanquished Creatures (others)
  12 plants (D:3)
12 creatures vanquished.

Grand Total: 111 creatures vanquished

Notes
Turn   | Place    | Note
-------+----------+-------------------------------------------
     0 | D:1      | Morbidden the Troll Monk began the quest for the Orb.
     0 | D:1      | Reached XP level 1. HP: 22/22 MP: 0/0
   164 | D:1      | Reached XP level 2. HP: 29/29 MP: 1/1
   820 | D:1      | Reached XP level 3. HP: 36/36 MP: 2/2
   986 | D:2      | Found a faded altar of an unknown god.
  1241 | D:2      | Found a sacrificial altar of Ru.
  1394 | D:2      | Noticed Jessica
  1400 | D:2      | Killed Jessica
  1401 | D:2      | Reached XP level 4. HP: 44/44 MP: 3/3
  1562 | D:2      | Reached skill level 4 in Unarmed Combat
  1657 | D:3      | Gained mutation: You are weak. (Str -2) [potion of
                  | mutation]
  1657 | D:3      | Gained mutation: You are very weak. (Str -4) [potion of
                  | mutation]
  1658 | D:3      | Lost mutation: You are very weak. (Str -4) [potion of
                  | mutation]
  1658 | D:3      | Lost mutation: You are weak. (Str -2) [potion of mutation]
  1658 | D:3      | Gained mutation: You are strong-willed. (Will+) [potion of
                  | mutation]
  1658 | D:3      | Gained mutation: Armour fits poorly on your strangely
                  | shaped body. [potion of mutation]
  1658 | D:3      | Gained mutation: Your spells are a little harder to cast,
                  | but a little more powerful. [potion of mutation]
  1658 | D:3      | Gained mutation: You have a pair of small horns on your
                  | head. [potion of mutation]
  1785 | D:3      | Reached XP level 5. HP: 52/52 MP: 5/5
  2047 | D:3      | Found a sacrificial altar of Ru.
  2555 | D:4      | Reached skill level 5 in Unarmed Combat
  2559 | D:4      | Reached skill level 1 in Spellcasting
  2559 | D:4      | Reached XP level 6. HP: 47/61 MP: 6/6
  2571 | D:4      | Found a staircase to the Ecumenical Temple.
  2599 | Temple   | Entered the Ecumenical Temple
  2653 | Temple   | Became a worshipper of Cheibriados the Contemplative
  2653 | Temple   | Reached * piety under Cheibriados
  2653 | Temple   | Reached ** piety under Cheibriados
  2711 | D:4      | You fall into a shaft and drop 2 floors!
  2766 | D:6      | Noticed a water moccasin
  2771 | D:6      | Killed a water moccasin
  2772 | D:6      | Noticed an orc warrior
  2786 | D:6      | Killed an orc warrior
  2787 | D:6      | Reached skill level 6 in Unarmed Combat
  2787 | D:6      | Reached XP level 7. HP: 59/67 MP: 7/7
  2909 | D:6      | Reached skill level 1 in Invocations
  3002 | D:6      | Mangled by a wight

Illustrated notes

Levels and vault maps discovered:
D:1:      eino_arrival_tree_alley, layout_loops_corners,
          chequers_serial_rivers_small_3, minmay_misc_feat_x,
          grunt_decor_arrowhead, lemuel_old_faithful
D:2:      layout_basic, ebering_ecumenical_altar_abandoned, basic_altar,
          uniq_jessica
D:3:      layout_basic, pf_just_have_faith, serial_bayou_pond_c,
          minmay_misc_feat_iff, minmay_pentomino_pile
D:4:      wad_pebble_path, layout_basic, minmay_temple_entry_arrows, uniq_ijyb
D:6:      layout_loops_ring
Temple:   eino_temple_lava

Skill      XL: |  1  2  3  4  5  6  7 |
---------------+----------------------+-----
Dodging        | 3 4 |  4.0
Unarmed Combat | 4 5 6 |  6.6
Fighting       | 3 |  3.4
Spellcasting   | 1 |  1.4
Invocations    | 1 |  1.3
Stealth        | |  1.5

Action                   |  1- 3 |  4- 6 |  7- 9 || total
-------------------------+-------+-------+-------++-------
Melee: Unarmed           |    98 |   137 |    24 ||   259
       Punch             |     1 |     2 |       ||     3
       Headbutt          |       |    16 |     4 ||    20
  Use: Potion            |       |     2 |       ||     2
 Stab: Sleeping          |     4 |     2 |       ||     6
Armor: Robe              |    40 |    70 |     6 ||   116
Dodge: Dodged            |    61 |    75 |    11 ||   147

Table legend: (Time is in decaauts)
 A = Elapsed time spent in this place.
 B = Non-inter-level travel time spent in this place.
 C = Inter-level travel time spent in this place.
 D = Time resting spent in this place.
 E = Time spent auto-exploring this place.
 F = Levels seen in this place.
 G = Mean time per level.
                   A        B        C        D        E       F      G
               +--------+--------+--------+--------+--------+-----+--------+
         Total |   3096 |   3010 |     86 |      0 |   2346 |   6 |  516.0 |
       Dungeon |   3028 |   2953 |     75 |      0 |   2304 |   5 |  605.6 |
        Temple |     67 |     56 |     11 |      0 |     42 |   1 |   67.0 |
               +--------+--------+--------+--------+--------+-----+--------+

Top non-repeatable levels by time:
     D:1: 938 daAuts
     D:3: 868 daAuts
     D:2: 717 daAuts
     D:6: 369 daAuts
     D:4: 134 daAuts
  Temple: 67 daAuts
